[Event "Titled Tuesday Blitz October 19 2021"]
[White "Nagy, Gabor"]
[Black "Svane, Rasmus"]
[WhiteFideId "737119"]
[BlackFideId "4657101"]
[WhiteElo "2534"]
[BlackElo "2643"]
[Result "0-1"]
[Round "04"]
[TimeControl "180+1"]
[Date "2021.10.19"]
[WhiteClock "0:00:02"]
[BlackClock "0:00:14"]

1. c4 Nf6 2. Nc3 e5 3. Nf3 Nc6 4. a3 d5 5. cxd5 Nxd5 6. e4 Nf4 7. d4 exd4 8. Bxf4 dxc3 9. Qxd8+ Nxd8 10. bxc3 Ne6 11. Bg3 Be7 12. Bc4 c6 13. O-O O-O 14. a4 a5 15. Rfe1 Rd8 16. h3 Kf8 17. Kh2 Bd7 18. Ne5 Be8 19. f4 Nc5 20. Nf3 Nxa4 21. Rxa4 b5 22. Ra2 bxc4 23. Ne5 a4 24. Rea1 a3 25. Nxc4 Ra4 26. Nd2 Rd3 27. Rc2 f6 28. e5 fxe5 29. fxe5 Bf7 30. Nf3 Bb3 31. Rf2 Ke8 32. Nd4 Rxc3 33. Nf5 Rd3 34. Nxg7+ Kd7 35. e6+ Kd8 36. Rf7 Rd1 37. Rxd1+ Bxd1 38. Nf5 Bc5 39. Bc7+ Kc8 40. Nd6+ Bxd6+ 41. Bxd6 Bh5 42. Rf8+ Kb7 43. e7 a2 44. Be5 Re4 45. Rb8+ Ka7 46. Rb2 Rxe5 47. Rxa2+ Kb6 48. g4 Bf7 49. Ra8 Rxe7 50. Kg3 c5 51. Kf4 c4 52. h4 Rc7 53. Ra1 c3 54. h5 Rc4+ 55. Kg5 c2 56. Rc1 Be6 57. Kh6 Bxg4 58. Kxh7 Bxh5 0-1


[Site "https://www.chess.com"]

[Event "Titled Tuesday Blitz October 19 2021"]
[White "Nguyen, Ngoc Truong Son"]
[Black "Machidon, Cristi"]
[WhiteFideId "12401110"]
[BlackFideId "13904590"]
[WhiteElo "2596"]
[BlackElo "2312"]
[Result "1-0"]
[Round "04"]
[TimeControl "180+1"]
[Date "2021.10.19"]
[WhiteClock "0:00:07"]
[BlackClock "0:00:09"]

1. d4 Nf6 2. Nf3 e6 3. Bf4 c5 4. e3 Nc6 5. Nc3 cxd4 6. exd4 Bb4 7. Bd3 O-O 8. O-O Bxc3 9. bxc3 d5 10. Bg5 h6 11. Bh4 Ne7 12. Ne5 Nf5 13. Bxf5 exf5 14. Bxf6 Qxf6 15. Qf3 Be6 16. c4 Rfd8 17. c5 b6 18. c6 Rac8 19. Rfe1 f4 20. h3 Qf5 21. Rac1 Rd6 22. Qa3 Rdxc6 23. Nxc6 Rxc6 24. Qxa7 f3 25. g4 Qf4 26. Qe7 Bxg4 27. Qe5 Qxe5 28. Rxe5 Bxh3 29. Rxd5 Kf8 30. Re1 Be6 31. Rde5 Rd6 32. d5 Rxd5 33. Rxd5 Bxd5 34. a3 g5 35. Rb1 Be4 36. Rxb6 Bxc2 37. Rxh6 Kg7 38. Ra6 f5 39. a4 f4 40. a5 g4 41. Rd6 1-0


[Site "https://www.chess.com"]

[Event "Titled Tuesday Blitz October 19 2021"]
[White "Nigmatov, Ortik"]
[Black "Bluebaum, Matthias"]
[WhiteFideId "14202131"]
[BlackFideId "24651516"]
[WhiteElo "2346"]
[BlackElo "2681"]
[Result "1-0"]
[Round "04"]
[TimeControl "180+1"]
[Date "2021.10.19"]
[WhiteClock "0:00:22"]
[BlackClock "0:00:08"]

1. c4 e5 2. Nc3 Bb4 3. Nd5 a5 4. g3 Nf6 5. Bg2 Nxd5 6. cxd5 O-O 7. e3 d6 8. Ne2 Bc5 9. O-O Bg4 10. h3 Bh5 11. d3 Nd7 12. Bd2 f5 13. Rc1 Bb6 14. b3 Nc5 15. Rc3 Kh8 16. Re1 Qf6 17. Qc1 Rae8 18. a3 Rf7 19. b4 axb4 20. axb4 Nd7 21. Ra3 Rff8 22. Qa1 h6 23. Bc3 Qf7 24. Bd2 Nf6 25. Qa2 g5 26. Qc4 Kh7 27. Raa1 Ra8 28. Nc3 Qd7 29. Nb5 Bf7 30. Nc3 c6 31. dxc6 Bxc4 32. cxd7 Bxd3 33. Rxa8 Rxa8 34. Bxb7 Rd8 35. Bc6 Nxd7 36. Nd5 Be4 37. Bxd7 Bxd5 38. Bxf5+ Kg7 39. Ra1 Kf6 40. g4 Rb8 41. b5 Bc5 42. Bd7 Bc4 43. Bc3 Ke7 44. Bc6 Ke6 45. Kg2 Bxb5 46. Bxb5 Rxb5 47. Ra8 Rb3 48. Be1 Rb1 49. Bc3 Rc1 50. Bd2 Rc2 51. Be1 Bxe3 52. Rh8 e4 53. Rxh6+ Kd5 54. Rf6 Bf4 55. h4 Re2 56. Kf1 Ra2 57. h5 Be5 58. Rf5 Ra1 59. Ke2 Ra2+ 60. Kf1 Ra1 61. h6 Ke6 62. h7 Bc3 63. Rxg5 Rxe1+ 64. Kg2 Re2 65. Rg8 d5 66. g5 d4 67. h8=Q Kd5 68. Rc8 e3 69. Qg8+ Ke4 70. Qg6+ Kd5 71. Qf5+ Kd6 72. Qc5+ Ke6 73. Rc6+ Kf7 74. Qa7+ Kg8 75. Rc8# 1-0


[Site "https://www.chess.com"]

[Event "Titled Tuesday Blitz October 19 2021"]
[White "Nogerbek, Kazybek"]
[Black "Taichman, Ori"]
[WhiteFideId "13710427"]
[BlackFideId "2804069"]
[WhiteElo "2436"]
[BlackElo "2227"]
[Result "1-0"]
[Round "04"]
[TimeControl "180+1"]
[Date "2021.10.19"]
[WhiteClock "0:01:07"]
[BlackClock "0:00:15"]

1. d4 Nf6 2. c4 g6 3. Nc3 Bg7 4. e4 O-O 5. h3 d6 6. Nf3 e5 7. dxe5 dxe5 8. Qxd8 Rxd8 9. Nd5 Nxd5 10. cxd5 c6 11. Bc4 cxd5 12. Bxd5 Na6 13. Bg5 Re8 14. O-O-O Nb4 15. Bb3 a5 16. a3 a4 17. Bc4 Nc6 18. Kb1 Nd4 19. Be3 Be6 20. Bxe6 Rxe6 21. Ne1 b5 22. Nd3 Rc8 23. Bxd4 exd4 24. Rhe1 Rec6 25. Rc1 Bh6 26. Rxc6 Rxc6 27. Rd1 f5 28. e5 Kf7 29. f4 Ke6 30. g3 g5 31. h4 gxh4 32. gxh4 Rc4 33. Re1 Bf8 34. Rg1 b4 35. axb4 Bxb4 36. Rg7 a3 37. Rxh7 axb2 38. Kxb2 Bd2 39. Rh6+ Ke7 40. Rf6 Rc3 41. Nb4 Rc5 42. Nc6+ Kd7 43. Rd6+ Kc7 44. Nxd4 Bxf4 45. Ne6+ Kb8 46. Rd8+ Rc8 47. Rxc8+ Kxc8 48. Nxf4 Kd7 49. Kc3 1-0


[Site "https://www.chess.com"]

[Event "Titled Tuesday Blitz October 19 2021"]
[White "Nozdrachev, Leonid"]
[Black "Kollars, Dmitrij"]
[WhiteFideId "24113433"]
[BlackFideId "12909572"]
[WhiteElo "2124"]
[BlackElo "2584"]
[Result "1-0"]
[Round "04"]
[TimeControl "180+1"]
[Date "2021.10.19"]
[WhiteClock "0:00:04"]
[BlackClock "0:00:39"]

1. e4 e6 2. d4 d5 3. Nc3 Nf6 4. Bg5 dxe4 5. Nxe4 Be7 6. Bxf6 gxf6 7. Nc3 a6 8. g3 c5 9. d5 b5 10. Bg2 Bb7 11. Qh5 Qb6 12. O-O-O e5 13. Be4 b4 14. Na4 Qd6 15. Nf3 Bc8 16. Nxc5 Qxc5 17. d6 Ra7 18. dxe7 Kxe7 19. Rd5 Qxf2 20. Nxe5 fxe5 21. Qxe5+ Be6 22. Qd6+ Kf6 23. Rf5+ Qxf5 24. Bxf5 Rd7 25. Qxb4 Bxf5 26. Qc3+ Ke7 27. Qxh8 Nc6 28. Re1+ Be6 29. Qa8 Nb4 30. a3 Nd5 31. Qxa6 Rc7 32. Qd3 Nf6 33. a4 Nd7 34. a5 Nc5 35. Qa3 Kd7 36. Rd1+ Kc8 37. Kb1 Bf5 38. Rd5 Ne4 39. Rxf5 Nd2+ 40. Kc1 Nc4 41. Qf8+ Kb7 42. Rxf7 Ne5 43. Rxc7+ Kxc7 44. Qf4 Kd7 45. Qxe5 1-0


[Site "https://www.chess.com"]

[Event "Titled Tuesday Blitz October 19 2021"]
[White "Obregon, Andres Carlos"]
[Black "Djokic, Mihailo"]
[WhiteFideId "111724"]
[BlackFideId "976440"]
[WhiteElo "2572"]
[BlackElo "2008"]
[Result "1-0"]
[Round "04"]
[TimeControl "180+1"]
[Date "2021.10.19"]
[WhiteClock "0:00:49"]
[BlackClock "0:00:08"]

1. d4 Nf6 2. Nf3 g6 3. Bg5 Bg7 4. Nbd2 O-O 5. c3 d6 6. e4 Nbd7 7. Bc4 c5 8. e5 dxe5 9. dxe5 Ne8 10. e6 fxe6 11. Bxe6+ Kh8 12. O-O Nc7 13. Bb3 Nf6 14. Re1 h6 15. Be3 b6 16. Ne5 Kh7 17. Bc2 Bf5 18. g4 Bxc2 19. Qxc2 Qe8 20. Ndf3 Nxg4 21. Nxg4 Rxf3 22. Qe4 Rf5 23. Rad1 h5 24. Bf4 hxg4 25. Bxc7 Qf8 26. Qxg4 Rc8 27. Rd7 Qf6 28. Rexe7 Rg5 29. Rxg7+ Kh6 30. Rh7# 1-0


[Site "https://www.chess.com"]

[Event "Titled Tuesday Blitz October 19 2021"]
[White "Onyshchuk, Volodymyr"]
[Black "Sukovic, Andrej"]
[WhiteFideId "14114038"]
[BlackFideId "16502310"]
[WhiteElo "2603"]
[BlackElo "2355"]
[Result "1-0"]
[Round "04"]
[TimeControl "180+1"]
[Date "2021.10.19"]
[WhiteClock "0:00:16"]
[BlackClock "0:00:02"]

1. Nf3 Nf6 2. g3 g6 3. Bg2 Bg7 4. O-O d6 5. d3 O-O 6. c4 c5 7. Nc3 Nc6 8. a3 a6 9. Rb1 Rb8 10. b4 cxb4 11. axb4 b5 12. Ba3 Bf5 13. Nd2 Qd7 14. Re1 Bh3 15. Bh1 Rfc8 16. Nce4 Nxe4 17. Nxe4 bxc4 18. dxc4 Ne5 19. c5 Nc4 20. Qd3 Nxa3 21. Qxa3 Bf5 22. Rbc1 Bxe4 23. Bxe4 dxc5 24. Rxc5 Qd2 25. Qc1 Qd7 26. Rd1 Rxc5 27. bxc5 Qe6 28. Bf3 a5 29. c6 Be5 30. Kg2 Kg7 31. Qa3 Bc7 32. Rd7 Bd6 33. Qxa5 Rc8 34. Qa6 Qf6 35. Qxc8 h5 36. c7 h4 37. Rxd6 exd6 38. Qg4 1-0


[Site "https://www.chess.com"]

[Event "Titled Tuesday Blitz October 19 2021"]
[White "Orlov, Georgi"]
[Black "Holt, Conrad"]
[WhiteFideId "2011271"]
[BlackFideId "2034387"]
[WhiteElo "2555"]
[BlackElo "2586"]
[Result "0-1"]
[Round "04"]
[TimeControl "180+1"]
[Date "2021.10.19"]
[WhiteClock "0:00:34"]
[BlackClock "0:01:31"]

1. d4 d5 2. Nf3 Nf6 3. Bf4 c5 4. e3 Nc6 5. Nc3 Bg4 6. Bb5 e6 7. h3 Bxf3 8. Qxf3 a6 9. Bxc6+ bxc6 10. Be5 Nd7 11. Bf4 Qb6 12. Rb1 cxd4 13. exd4 Qxd4 14. O-O Be7 15. Rfe1 O-O 16. Rbd1 Qf6 17. Qg3 Qh4 18. Qf3 Ra7 19. Na4 e5 20. b3 exf4 21. c4 Bb4 22. Re2 Qf6 23. cxd5 Ne5 24. Qe4 f3 25. Rc2 fxg2 26. Qxb4 Nf3+ 27. Kxg2 Qg6+ 28. Qg4 Nh4+ 29. Kg3 Qxc2 30. Kxh4 Qxf2+ 31. Qg3 g5+ 0-1


[Site "https://www.chess.com"]

[Event "Titled Tuesday Blitz October 19 2021"]
[White "Palchuk, Andrii"]
[Black "Svane, Frederik"]
[WhiteFideId "14176688"]
[BlackFideId "12923044"]
[WhiteElo "2322"]
[BlackElo "2459"]
[Result "1-0"]
[Round "04"]
[TimeControl "180+1"]
[Date "2021.10.19"]
[WhiteClock "0:01:10"]
[BlackClock "0:00:43"]

1. d4 Nf6 2. c4 e6 3. g3 d5 4. Nf3 Bb4+ 5. Bd2 Be7 6. Bg2 O-O 7. O-O c6 8. Qc2 b6 9. Bf4 Bb7 10. Rd1 Nbd7 11. Nbd2 Nh5 12. Be3 f5 13. Ne5 Nxe5 14. dxe5 f4 15. gxf4 Nxf4 16. Bxf4 Rxf4 17. e3 Rh4 18. Nf3 Rh5 19. Qe2 Qe8 20. Nd4 Rxe5 21. f4 Rh5 22. Nxe6 Bf6 23. Nc7 Qg6 24. Nxa8 Bxa8 25. cxd5 cxd5 26. Rac1 Qe8 27. Qg4 Qxe3+ 28. Kh1 Rh4 29. Rc8+ Kf7 30. Rc7+ Be7 31. Qxh4 d4 32. Qxe7+ Qxe7 33. Rxe7+ Kxe7 34. Bxa8 Kd6 35. Rxd4+ Kc5 36. Rd7 b5 37. Rxg7 b4 38. Rxh7 b3 39. axb3 a5 40. Ra7 a4 41. Rxa4 Kb5 42. h4 1-0


[Site "https://www.chess.com"]

[Event "Titled Tuesday Blitz October 19 2021"]
[White "Perez Rodriguez, Luis Manuel"]
[Black "Yanchenko, Roman"]
[WhiteFideId "3503364"]
[BlackFideId "4137329"]
[WhiteElo "2429"]
[BlackElo "2514"]
[Result "0-1"]
[Round "04"]
[TimeControl "180+1"]
[Date "2021.10.19"]
[WhiteClock "0:00:31"]
[BlackClock "0:01:09"]

1. e4 e6 2. d4 d5 3. Nc3 Bb4 4. e5 Ne7 5. a3 Bxc3+ 6. bxc3 b6 7. Qg4 Kf8 8. Nh3 Ba6 9. Bd3 c5 10. O-O h6 11. dxc5 bxc5 12. a4 Bxd3 13. cxd3 Nbc6 14. d4 cxd4 15. cxd4 Kg8 16. Ba3 Nf5 17. Bc5 Qh4 18. Qxh4 Nxh4 19. Rab1 g5 20. Rb7 Kg7 21. f3 Rhb8 22. Rfb1 Rxb7 23. Rxb7 Nf5 24. Nf2 Nfxd4 25. Rc7 Rb8 26. Ng4 Rb1+ 27. Kf2 Rb2+ 28. Kf1 a5 29. Nf6 Kg6 30. g4 Nxe5 31. Bxd4 Rb1+ 32. Kf2 Kxf6 33. Ra7 Rb4 34. Ke3 Rxa4 35. Ra8 Rxd4 36. Kxd4 Nxf3+ 37. Ke3 Nxh2 38. Rxa5 Nxg4+ 0-1


[Site "https://www.chess.com"]

[Event "Titled Tuesday Blitz October 19 2021"]
[White "Rozhkov, Viacheslav"]
[Black "Erdogdu, Mert"]
[WhiteFideId "4181484"]
[BlackFideId "6301495"]
[WhiteElo "2324"]
[BlackElo "2485"]
[Result "0-1"]
[Round "04"]
[TimeControl "180+1"]
[Date "2021.10.19"]
[WhiteClock "0:00:06"]
[BlackClock "0:01:47"]

1. e4 c5 2. Nf3 d6 3. d4 cxd4 4. Nxd4 Nf6 5. Nc3 a6 6. Be3 e6 7. g4 h6 8. f3 b5 9. Bg2 Bb7 10. a3 Nbd7 11. O-O Rc8 12. Qe2 Be7 13. Rad1 O-O 14. f4 Rxc3 15. bxc3 Nxe4 16. Bxe4 Bxe4 17. f5 e5 18. Bxh6 gxh6 19. Qxe4 exd4 20. Qxd4 Ne5 21. f6 Bxf6 22. Qxd6 Qxd6 23. Rxd6 Bg7 24. h3 Rc8 25. Rxa6 Rxc3 26. Kg2 Rxc2+ 27. Rf2 Rc3 28. a4 b4 29. Rb6 Nd3 30. Rf3 Ne1+ 0-1


[Site "https://www.chess.com"]

[Event "Titled Tuesday Blitz October 19 2021"]
[White "Salinas Herrera, Pablo"]
[Black "Obrien, Matthew"]
[WhiteFideId "3407128"]
[BlackFideId "2059150"]
[WhiteElo "2541"]
[BlackElo "2577"]
[Result "1-0"]
[Round "04"]
[TimeControl "180+1"]
[Date "2021.10.19"]
[WhiteClock "0:01:46"]
[BlackClock "0:00:03"]

1. d4 Nf6 2. Nf3 d5 3. Bf4 c5 4. e3 Nc6 5. Nbd2 Nh5 6. Be5 e6 7. c3 Nxe5 8. Nxe5 g6 9. Bb5+ Ke7 10. dxc5 f6 11. Nef3 Kf7 12. b4 Ng7 13. O-O Ne8 14. e4 Nc7 15. Ba4 Bh6 16. Qe2 Bd7 17. Bb3 Kg7 18. Rfe1 Re8 19. a4 a6 20. c4 Bxd2 21. Nxd2 d4 22. e5 f5 23. Nf3 Bc6 24. Rad1 Bxf3 25. Qxf3 Qc8 26. Rxd4 Re7 27. Rd6 Ne8 28. Red1 Nxd6 29. cxd6 Rf7 30. a5 Qd7 31. c5 Rc8 32. h4 Qb5 33. Qf4 h5 34. Bxe6 Qa4 35. Rd2 Rxc5 36. Bxf7 Kxf7 37. d7 Rc1+ 38. Kh2 Qa1 39. e6+ Kg7 40. Qd4+ 1-0


[Site "https://www.chess.com"]

[Event "Titled Tuesday Blitz October 19 2021"]
[White "Samunenkov, Ihor"]
[Black "Praggnanandhaa R"]
[WhiteFideId "14187086"]
[BlackFideId "25059530"]
[WhiteElo "2305"]
[BlackElo "2599"]
[Result "0-1"]
[Round "04"]
[TimeControl "180+1"]
[Date "2021.10.19"]
[WhiteClock "0:00:03"]
[BlackClock "0:00:25"]

1. d4 Nf6 2. c4 Nc6 3. Nf3 e6 4. g3 d5 5. Bg2 g6 6. O-O Bg7 7. Nc3 O-O 8. b3 b6 9. Bb2 Ne7 10. Rc1 Bb7 11. e3 dxc4 12. bxc4 Rc8 13. Qe2 c5 14. Rfd1 Qc7 15. Nb5 Qb8 16. d5 exd5 17. Be5 Qa8 18. Nc7 Rxc7 19. Bxc7 dxc4 20. Rxc4 Ba6 21. Ne5 Qc8 22. Bd6 Qe6 23. Qc2 Bxc4 24. Qxc4 Rd8 25. Qxe6 fxe6 26. Bf3 Nf5 27. Bc7 Rxd1+ 28. Bxd1 Nd5 29. Bb8 Nb4 30. Bb3 Bxe5 31. Bxe6+ Kf8 32. Bxe5 Ke7 33. Bc4 Nd6 34. Be2 Nxa2 35. Kf1 a5 36. Ke1 a4 37. Kd2 Ne4+ 38. Kc2 Nxf2 39. Kb2 Nb4 40. Kc3 Nd5+ 41. Kc4 Nxe3+ 42. Kb5 a3 43. Kxb6 c4 44. Bd4 a2 45. Kc5 c3 46. Bxc3 Ne4+ 47. Kd4 Nxc3 48. Kxe3 a1=Q 0-1


[Site "https://www.chess.com"]

[Event "Titled Tuesday Blitz October 19 2021"]
[White "Sanal, Vahap"]
[Black "Goltsev, Dmitry"]
[WhiteFideId "6300545"]
[BlackFideId "24176710"]
[WhiteElo "2492"]
[BlackElo "2334"]
[Result "0-1"]
[Round "04"]
[TimeControl "180+1"]
[Date "2021.10.19"]
[WhiteClock "0:00:12"]
[BlackClock "0:01:17"]

1. e4 e6 2. d3 d5 3. Nd2 Nf6 4. g3 dxe4 5. dxe4 Bc5 6. Bg2 h5 7. h3 Nc6 8. Ngf3 e5 9. c3 Qd3 10. Qe2 Qxe2+ 11. Kxe2 b6 12. Rd1 Ba6+ 13. Ke1 O-O-O 14. Ng5 Rd7 15. b3 Rhd8 16. Bf3 Bd3 17. Bb2 Bc2 18. Ke2 Bxd1+ 19. Rxd1 Bxf2 20. Bc1 Bxg3 21. Rf1 Rxd2+ 22. Bxd2 Rxd2+ 23. Kxd2 Bf4+ 24. Kd3 Bxg5 25. Rg1 Bh6 26. b4 Nd8 27. Be2 Ne6 28. Kc2 Nxe4 29. Bxh5 Nd6 30. a4 Nf4 31. Bd1 f5 32. a5 Nxh3 33. Rf1 Nc4 34. Kb3 Nd2+ 0-1


[Site "https://www.chess.com"]

[Event "Titled Tuesday Blitz October 19 2021"]
[White "Savchenko, Boris"]
[Black "Jaracz, Pawel"]
[WhiteFideId "4147332"]
[BlackFideId "1102222"]
[WhiteElo "2526"]
[BlackElo "2495"]
[Result "0-1"]
[Round "04"]
[TimeControl "180+1"]
[Date "2021.10.19"]
[WhiteClock "0:00:47"]
[BlackClock "0:00:18"]

1. e4 e5 2. Nf3 Nc6 3. Bc4 Bc5 4. d3 Nf6 5. c3 O-O 6. b4 Bb6 7. a4 a6 8. a5 Ba7 9. Bg5 h6 10. Bxf6 Qxf6 11. Nbd2 d6 12. h3 Nd8 13. Nf1 Ne6 14. Bxe6 fxe6 15. Qe2 Bd7 16. Ne3 c5 17. bxc5 Bxc5 18. Rb1 Bb5 19. O-O Rac8 20. Rxb5 axb5 21. d4 exd4 22. cxd4 Ba7 23. Qxb5 Rf7 24. Rb1 Qf4 25. Qd3 Rfc7 26. Nf1 Rc3 27. Qb5 Qxe4 28. Qxb7 Qxb7 29. Rxb7 R8c7 30. Rb4 Rc1 31. g3 Ra1 32. Rb5 Rcc1 33. Nd2 Bxd4 34. Kg2 Bc5 35. Nh2 Rc2 36. Ne4 Raa2 37. Ng4 h5 38. Ng5 Rab2 39. Rxb2 Rxb2 40. Nh2 Rxf2+ 41. Kh1 Re2 42. Nhf3 d5 43. a6 d4 44. Kg1 d3+ 45. Kf1 Ra2 46. Nxe6 Be3 47. Ned4 Ra1+ 48. Kg2 d2 49. Nxd2 Bxd4 50. Nb3 Ra2+ 51. Kf1 Bb6 0-1


[Site "https://www.chess.com"]

[Event "Titled Tuesday Blitz October 19 2021"]
[White "Saya, Ethan"]
[Black "Indjic, Aleksandar"]
[WhiteFideId "26095181"]
[BlackFideId "911925"]
[WhiteElo "2217"]
[BlackElo "2643"]
[Result "0-1"]
[Round "04"]
[TimeControl "180+1"]
[Date "2021.10.19"]
[WhiteClock "0:00:09"]
[BlackClock "0:01:29"]

1. e4 e5 2. Nf3 Nc6 3. Bc4 Nf6 4. d3 h6 5. Nbd2 d6 6. c3 g5 7. Bb3 g4 8. Ng1 h5 9. Ne2 d5 10. exd5 Nxd5 11. Nc4 Bg7 12. Ne3 Be6 13. Ng3 Nf4 14. Bc2 Qd7 15. Ne4 b6 16. O-O O-O-O 17. Ng5 Nxd3 18. Nxe6 fxe6 19. Nc4 e4 20. Be3 Qd5 21. Nd2 Qf5 22. Qb1 h4 23. Rd1 h3 24. g3 Nce5 25. Bf4 Nxf4 26. gxf4 Rxd2 27. Rxd2 Nf3+ 28. Kh1 Qxf4 29. Qg1 Nxg1 0-1


[Site "https://www.chess.com"]

[Event "Titled Tuesday Blitz October 19 2021"]
[White "Sethuraman, S.P."]
[Black "Przybylski, Wojciech"]
[WhiteFideId "5021596"]
[BlackFideId "1117599"]
[WhiteElo "2477"]
[BlackElo "2247"]
[Result "1-0"]
[Round "04"]
[TimeControl "180+1"]
[Date "2021.10.19"]
[WhiteClock "0:00:22"]
[BlackClock "0:00:01"]

1. d4 Nf6 2. c4 c6 3. Nf3 d5 4. e3 e6 5. Nc3 Nbd7 6. Qc2 Bd6 7. b3 O-O 8. Bb2 b6 9. Bd3 Bb7 10. O-O c5 11. cxd5 exd5 12. Rad1 Rc8 13. Qe2 Qe7 14. Ba6 Nb8 15. Bxb7 Qxb7 16. dxc5 bxc5 17. Qb5 Qa8 18. Qd3 Rfd8 19. Qf5 Be7 20. Ng5 g6 21. Qh3 d4 22. exd4 cxd4 23. Rxd4 Nc6 24. Rxd8+ Rxd8 25. Nce4 Nh5 26. Qf3 f6 27. Nxf6+ Bxf6 28. Bxf6 Nxf6 29. Qxf6 Qb7 30. h4 1-0


[Site "https://www.chess.com"]

[Event "Titled Tuesday Blitz October 19 2021"]
[White "Sjugirov, Sanan"]
[Black "Janaszak, Dawid"]
[WhiteFideId "4189302"]
[BlackFideId "1119206"]
[WhiteElo "2654"]
[BlackElo "2215"]
[Result "1-0"]
[Round "04"]
[TimeControl "180+1"]
[Date "2021.10.19"]
[WhiteClock "0:01:36"]
[BlackClock "0:00:01"]

1. d4 Nf6 2. c4 c5 3. d5 b5 4. cxb5 a6 5. e3 e6 6. Nc3 Bb7 7. e4 axb5 8. Bxb5 exd5 9. exd5 Bd6 10. Nf3 O-O 11. O-O Re8 12. Bg5 h6 13. Bh4 Na6 14. a3 Nc7 15. Bc4 Ba6 16. Bxa6 Rxa6 17. Qd2 Be7 18. Rfe1 d6 19. Re2 Bf8 20. Rae1 Rxe2 21. Rxe2 Nce8 22. h3 Qb8 23. Qc2 Rb6 24. a4 Rb4 25. Bg3 g6 26. Ne1 Bg7 27. Nd3 Rb7 28. Nf4 Rb4 29. Nb5 Qd8 30. Nd3 Nxd5 31. Nxb4 Nxb4 32. Qe4 Nf6 33. Qe7 Qa5 34. Nxd6 Qxa4 35. Qxf7+ Kh7 36. Re7 Qd1+ 37. Kh2 Nh5 38. Ne8 Nd5 39. Nxg7 Nxe7 40. Nxh5+ 1-0


[Site "https://www.chess.com"]

[Event "Titled Tuesday Blitz October 19 2021"]
[White "Svidler, Peter"]
[Black "Matsenko, Andrei"]
[WhiteFideId "4102142"]
[BlackFideId "24146501"]
[WhiteElo "2709"]
[BlackElo "2179"]
[Result "1-0"]
[Round "04"]
[TimeControl "180+1"]
[Date "2021.10.19"]
[WhiteClock "0:02:08"]
[BlackClock "0:02:45"]

1. e4 c6 2. d4 d5 3. e5 Bf5 4. Nd2 e6 5. Nb3 c5 6. dxc5 Bxc5 7. Nxc5 Qa5+ 8. c3 Qxc5 9. Nf3 Ne7 10. Nd4 a6 11. Qa4+ Nd7 12. Be3 Qc7 13. f4 O-O 14. Be2 Nc5 15. Qd1 b5 16. O-O Ne4 17. Rc1 h6 18. Qe1 Bg6 19. g4 Nc6 20. f5 Nxd4 21. cxd4 1-0


[Site "https://www.chess.com"]

[Event "Titled Tuesday Blitz October 19 2021"]
[White "Vokhidov, Shamsiddin"]
[Black "Mischuk, Dmitry"]
[WhiteFideId "14204223"]
[BlackFideId "14118734"]
[WhiteElo "2616"]
[BlackElo "2369"]
[Result "0-1"]
[Round "04"]
[TimeControl "180+1"]
[Date "2021.10.19"]
[WhiteClock "0:01:11"]
[BlackClock "0:00:42"]

1. e4 e6 2. Nc3 d5 3. d4 Bb4 4. Ne2 dxe4 5. a3 Bxc3+ 6. Nxc3 Nc6 7. d5 exd5 8. Qxd5 Be6 9. Qxe4 Nf6 10. Qh4 Qd4 11. Bg5 Qxh4 12. Bxh4 O-O-O 13. Bxf6 gxf6 14. Bd3 Ne5 15. O-O-O Nxd3+ 16. Rxd3 Rxd3 17. cxd3 Rg8 18. g3 f5 19. Re1 h5 20. Ne2 h4 21. Nf4 Kd7 22. d4 c6 23. Kd2 Rh8 24. h3 Kd6 25. Ke3 a5 26. Rc1 a4 27. Rg1 Bd7 28. gxh4 Rxh4 29. Rg7 Be6 30. Rg8 b5 31. Rd8+ Ke7 32. Rg8 Kd6 33. Rg7 Rh8 34. f3 Ke7 35. Rg1 Kf6 36. Rc1 Bd7 37. d5 cxd5 38. Nxd5+ Ke5 39. Nf4 Rh4 40. Rc5+ Kd6 41. Rd5+ Kc6 42. Rd4 Rh8 43. Nd3 Be6 44. h4 Rh7 45. Nf4 Rh8 46. h5 Kc5 47. Nd3+ Kc6 48. Rh4 Kd6 49. Kf4 Ke7 50. Ke5 Rd8 51. Nf4 f6# 0-1


[Site "https://www.chess.com"]

[Event "Titled Tuesday Blitz October 19 2021"]
[White "Yilmaz, Mustafa"]
[Black "Shtembuliak, Evgeny"]
[WhiteFideId "6302718"]
[BlackFideId "14113325"]
[WhiteElo "2518"]
[BlackElo "2504"]
[Result "0-1"]
[Round "04"]
[TimeControl "180+1"]
[Date "2021.10.19"]
[WhiteClock "0:00:11"]
[BlackClock "0:00:17"]

1. Nf3 c5 2. g3 Nc6 3. c4 g6 4. Bg2 Bg7 5. O-O e6 6. Nc3 Nge7 7. a3 a5 8. e3 O-O 9. d4 cxd4 10. exd4 d5 11. cxd5 Nxd5 12. Bg5 Qb6 13. Na4 Qa7 14. Rc1 Nxd4 15. Nxd4 Bxd4 16. Qd2 Bd7 17. Nc3 Bc6 18. Nxd5 exd5 19. h4 Qb6 20. b4 axb4 21. axb4 Rfe8 22. h5 Ra3 23. Qf4 Be5 24. Qh4 Bxg3 25. Qg4 f5 26. Qd1 Be5 27. Re1 Qb5 28. Rc5 Qd3 29. b5 Bxb5 30. Rxd5 Qxd1 31. Rexd1 Bc6 32. Rxe5 Rxe5 33. Rd8+ Kf7 34. Rh8 Ra1+ 35. Kh2 Bxg2 36. Kxg2 gxh5 37. Bf4 Re4 38. Rxh7+ Kg6 39. Rh6+ Kg7 40. Bd2 Ra2 41. Rd6 Re2 42. Bc3+ Kf7 43. Rf6+ Ke7 44. Rxf5 Rac2 45. Bd4 Kd7 46. Rxh5 Kc6 47. Rh6+ Kd5 48. Ba7 b5 49. Rh5+ Kc4 50. Rh4+ Kb3 51. Kg3 b4 52. f4 Rc3+ 53. Kg4 Rg2+ 54. Kf5 Kc2 55. Bd4 Rc4 56. Be5 Re2 57. Rh8 b3 58. Rb8 Rd2 59. Kf6 Rd1 60. f5 Rf1 61. Ke6 Rc6+ 62. Kd5 Ra6 63. Rc8+ Kb1 64. Rb8 Ka2 65. f6 Rfxf6 66. Bxf6 Rxf6 67. Kc4 Rc6+ 68. Kd3 b2 69. Ra8+ Kb1 70. Kd2 Rc5 71. Ra7 Rd5+ 72. Ke2 Kc2 73. Rc7+ Kb3 74. Rb7+ Kc3 75. Rb8 Rd4 76. Rc8+ Rc4 77. Rb8 Rb4 0-1


[Site "https://www.chess.com"]

[Event "Titled Tuesday Blitz October 19 2021"]
[White "Zhigalko, Sergei"]
[Black "Solon, Nathan"]
[WhiteFideId "13502956"]
[BlackFideId "2017229"]
[WhiteElo "2662"]
[BlackElo "2681"]
[Result "1-0"]
[Round "04"]
[TimeControl "180+1"]
[Date "2021.10.19"]
[WhiteClock "0:00:22"]
[BlackClock "0:00:02"]

1. e4 c5 2. Nf3 d6 3. d4 cxd4 4. Qxd4 Nc6 5. Bb5 Bd7 6. Bxc6 Bxc6 7. Nc3 Nf6 8. Bg5 e6 9. O-O-O Be7 10. Rhe1 O-O 11. Kb1 Qa5 12. Qd2 Qb6 13. Nd4 Rac8 14. f3 h6 15. Be3 Qa6 16. g4 b5 17. g5 hxg5 18. Bxg5 b4 19. Nce2 Qc4 20. Rg1 Rfe8 21. b3 Qc5 22. Bh6 g6 23. Nxe6 Qh5 24. Ng7 Qxf3 25. Nd4 Qxe4 26. Nxe8 Bxe8 27. Rde1 Qb7 28. Nf5 Bf8 29. Bxf8 Ne4 30. Rxe4 Qxe4 31. Ne7+ Kxf8 32. Nxc8 d5 33. Re1 Qf5 34. Rxe8+ 1-0


[Site "https://www.chess.com"]

[Event "Titled Tuesday Blitz October 19 2021"]
[White "Zierk, Steven"]
[Black "Nakamura, Hikaru"]
[WhiteFideId "2034255"]
[BlackFideId "2016192"]
[WhiteElo "2494"]
[BlackElo "2884"]
[Result "0-1"]
[Round "04"]
[TimeControl "180+1"]
[Date "2021.10.19"]
[WhiteClock "0:00:34"]
[BlackClock "0:00:55"]

1. e4 e5 2. Nf3 Nc6 3. Bb5 Nf6 4. d3 Bc5 5. O-O Nd4 6. Nxd4 Bxd4 7. c3 Bb6 8. Nd2 c6 9. Ba4 O-O 10. Bc2 d5 11. Qe2 h6 12. Nf3 Re8 13. Be3 Bg4 14. h3 Bh5 15. a4 Re6 16. b4 a5 17. Rab1 axb4 18. Rxb4 d4 19. cxd4 exd4 20. Bf4 Nd5 21. Bd2 Nxb4 22. Bxb4 c5 23. Bd2 c4 24. g4 cxd3 25. Bxd3 Bg6 26. Ra1 Ba5 27. Bf4 Bc3 28. Rb1 Qe7 29. h4 Bxe4 30. Bc4 Bxb1 0-1


[Site "https://www.chess.com"]